 Dungeon Crawl Stone Soup version 0.32-a0-720-g1d96ad090f (webtiles) character file.

Game seed: 18162054278169362161

200314 Ajdolov the Mimic (level 17, -20/110 (116) HPs)
             Began as a Felid Shapeshifter on Mar 16, 2024.
             Was the Champion of Ashenzari.
             Demolished by a pharaoh ant (23 damage)
             ... on level 3 of the Spider Nest.
             The game lasted 02:56:38 (45224 turns).

Ajdolov the Mimic (Felid Shapeshifter)             Turns: 45224, Time: 02:56:39

HP:   -20/110 (116) AC: 13    Str: 21    XL:     17   Next: 87%
MP:   0/25          EV: 18    Int: 18    God:    Ashenzari [******]
Gold: 1516          SH:  0    Dex: 23    Spells: 1/26 levels left
                                        Lives: 0   Deaths: 6

rFire   + .          .
                       - Unarmed
rCold   . . .        (shield unavailable)
rNeg    + . .        (body armour unavailable)
rPois   +            (helmet unavailable)
rElec   .            (cloak unavailable)
rCorr   .            (gloves unavailable)
SInv    +            (boots unavailable)
Will    ++...        r - amulet "Enlightened Secrets" {Spirit, Melee, Sorc} (curse)
Stlth   +++++++      m - ring of the Bound Evening Star {Str+6, Dev, Cun} (curse)
HPRegen 0.38/turn    n - ring "Shackled Together" {rN+ Int+3, Cun, Sorc} (curse)
MPRegen 0.19/turn

%: clarity, guardian spirit
@: swift, snake-form, flying, drained, very quick
A: constrict, boosted hp, large, (claws 1), (fangs 3), see invisible, (shaggy
fur 3), (stealthy paws), no weapons or thrown items, no armour, multi-lived
}: 1/15 runes: decaying
a: Begin Untransformation, Renounce Religion, Shatter the Chains


You were on level 3 of the Spider Nest.
You worshipped Ashenzari.
Ashenzari was exalted by your worship.
You were an enormous serpent.
You visited 5 branches of the dungeon, and saw 30 of its levels.
You also visited: Bailey and Ice Cave.

You collected 3187 gold pieces.
You spent 1671 gold pieces at shops.

Inventory:

Jewellery
 b - a ring of resist corrosion
 m - the cursed ring of the Bound Evening Star (left hand) {Str+6, Dev, Cun}
   (You found it on level 4 of the Dungeon)

   [ring of strength]

   Str+6:     It affects your strength (+6).
   It has a curse which improves the following skills: Devices: Evocations and
   Shapeshifting.
   Cunning:   Dodging and Stealth.
 n - the cursed ring "Shackled Together" (right hand) {rN+ Int+3, Cun, Sorc}
   (You found it on level 4 of the Dungeon)

   [ring of positive energy]

   Int+3:     It affects your intelligence (+3).
   rN+:       It protects you from negative energy.
   It has a curse which improves the following skills: Cunning: Dodging and
   Stealth.
   Sorcery:   Conjurations and Alchemy.
 q - a ring of protection from fire
 r - the cursed amulet "Enlightened Secrets" (around neck) {Spirit, Melee, Sorc}
   (You found it on level 6 of the Dungeon)

   [amulet of guardian spirit]

   Spirit:    It causes incoming damage to be divided between your reserves of
   health and magic.
   It has a curse which improves the following skills: Melee Combat: Unarmed
   Combat.
   Sorcery:   Conjurations and Alchemy.
 v - a ring of willpower
 x - a ring of positive energy
 P - the ring "Dobi" {rPois rN+}
   (You found it on level 2 of the Spider Nest)

   [ring of poison resistance]

   rPois:     It protects you from poison.
   rN+:       It protects you from negative energy.
 R - a ring of protection from cold
Talismans
 I - the flux talisman of Follow the Leader {Fly Will+}
   (You found it on level 3 of the Lair of Beasts)

   [flux talisman]

   Will+:     It increases your willpower.
   Fly:       It grants you flight.
 K - a blade talisman
 O - the serpent talisman "Miask" (active) {rF+}
   (You took it off Aizul on level 3 of the Swamp)

   [serpent talisman]

   rF+:       It protects you from fire.
Wands
 f - a wand of acid (13)
 A - a wand of paralysis (2)
 C - a wand of flame (37)
 E - a wand of polymorph (18)
 J - a wand of roots (8)
Scrolls
 a - 22 scrolls of identify
 d - 4 scrolls of amnesia
 e - 13 scrolls of teleportation
 g - 2 scrolls of torment
 i - 4 scrolls of fear
 j - 5 scrolls of blinking
 l - 7 scrolls of immolation
 y - 4 scrolls of fog
 F - a scroll of poison
 G - 4 scrolls of revelation
 L - 3 scrolls of butterflies
Potions
 c - 5 potions of magic
 h - a potion of haste
 k - 6 potions of lignification
 o - 6 potions of might
 p - 3 potions of mutation
 s - 6 potions of curing
 t - 2 potions of ambrosia
 u - 4 potions of berserk rage
 w - 4 potions of brilliance
 z - 5 potions of enlightenment
 B - 4 potions of invisibility
 H - 5 potions of attraction
 M - 2 potions of heal wounds
Miscellaneous
 N - a lightning rod (4/4)
 Q - a box of beasts (inert)


   Skills:
 + Level 14.2 Fighting
 - Level 8.6(12.2) Dodging
 - Level 13.8(17.4) Stealth
 * Level 13.7(16.1) Unarmed Combat
 - Level 5.0 Spellcasting
 - Level 6.4(10.0) Conjurations
 - Level 10.0 Hexes
 - Level 10.0 Air Magic
 - Level 6.4(10.0) Alchemy
 - Level 7.4(10.0) Evocations
 - Level 14.6(17.0) Shapeshifting


You had one spell level left.
You knew the following spells:

 Your Spells              Type           Power      Damage    Failure   Level
a - Swiftness             Air            40%        N/A       1%          3
b - Tukima's Dance        Hex            40%        N/A       1%          3
c - Yara's Violent Unrav  Hex/Alch       20%        3d9       6%          5
d - Silence               Hex/Air        20%        N/A       6%          5
e - Olgreb's Toxic Radia  Alch           40%        N/A       2%          4
f - Irradiate             Conj/Alch      20%        3d18      6%          5

Your spell library contained the following spells:

 Spells                   Type           Power      Damage    Failure   Level
 Foxfire                  Conj/Fire      88%        2x1d8     1%          1
 Kiss of Death            Conj/Necr      88%        2d12      1%          1
 Shock                    Conj/Air       100%       1d9       1%          1
 Sting                    Conj/Alch      100%       1d9       1%          1
 Apportation              Tloc           8%         N/A       13%         1
 Freeze                   Ice            16%        1d4       13%         1
 Necrotise                Necr           16%        1d4       13%         1
 Summon Small Mammal      Summ           16%        N/A       13%         1
 Cigotuvi's Dreadful Rot  Necr/Alch/Air  56%        N/A       1%          2
 Mercury Vapours          Alch/Air       80%        N/A       1%          2
 Confusing Touch          Hex            40%        N/A       1%          3
 Dazzling Flash           Conj/Hex       80%        N/A       1%          3
 Sigil of Binding         Hex            40%        N/A       1%          3
 Momentum Strike          Conj/Tloc      44%        3d9       2%          2
 Airstrike                Air            20%        2d(3-19)  2%          4
 Hailstorm                Conj/Ice       22%        3d7       4%          3
 Inner Flame              Hex/Fire       22%        N/A       4%          3
 Arcjolt                  Conj/Air       20%        1d30      6%          5
 Iskenderun's Battlesphe  Conj           40%        2d9       6%          5
 Summon Lightning Spire   Summ/Air       22%        N/A       17%         4
 Vhi's Electric Charge    Tloc/Air       44%        N/A       17%         4
 Blink                    Tloc           8%         N/A       21%         2
 Lesser Beckoning         Tloc           8%         N/A       21%         2
 Call Canine Familiar     Summ           4%         N/A       36%         3
 Frozen Ramparts          Ice            8%         1d2       36%         3
 Passwall                 Erth           4%         N/A       36%         3
 Volatile Blastmotes      Fire/Tloc      8%         2d10      36%         3
 Dispel Undead            Necr           4%         3d7       78%         4
 Passage of Golubria      Tloc           4%         N/A       78%         4
 Summon Blazeheart Golem  Fire/Summ      4%         N/A       78%         4
 Bombard                  Conj/Erth      11%        9d3       95%         6
 Plasma Beam              Fire/Air       11%        2x1d22    95%         6
 Sculpt Simulacrum        Ice/Alch       11%        N/A       95%         6
 Starburst                Conj/Fire      11%        6d5       95%         6
 Lee's Rapid Deconstruct  Erth           2%         3d4*      98%         5
 Death Channel            Necr           2%         N/A       100%        6
 Haunt                    Necr/Summ      2%         N/A       100%        7
 Ozocubu's Refrigeration  Ice            2%         4d7       100%        7
 Spellforged Servitor     Conj/Summ      11%        N/A       100%        7
 Borgnjor's Revivificati  Necr           2%         N/A       100%        8
 Ignition                 Fire           2%         3d3       100%        8
 Infestation              Necr           2%         N/A       100%        8
 Lehudib's Crystal Spear  Conj/Erth      11%        10d4      100%        8
 Maxwell's Capacitive Co  Air            20%        ∞         100%        8
 Death's Door             Necr           2%         N/A       100%        9
 Polar Vortex             Ice            2%         N/A       100%        9
 Animate Armour           Summ/Erth      Unusable   N/A       N/A         4

Dungeon Overview and Level Annotations

Branches:
Dungeon (15/15)            Temple (0/1) D:7            Lair (5/5) D:9
  Swamp (4/4) Lair:3       Spider (4/4) Lair:2        Slime (0/5) Lair:4
    Orc (2/2) D:12            Elf (0/3) Orc:2        Vaults (0/5) D:14
 Depths (0/4) D:15         Bailey (visited)           IceCv (visited)

Altars:
Ashenzari
Dithmenos
Elyvilon
Kikubaaqudgha
Trog
Xom
Zin
The Shining One
Jiyva

Shops:
D:7 *   D:10 [   Orc:2 =:**

Portals:
Abyss: Swamp:1
Trove: D:10 (give 2 scrolls of acquirement)

Annotations:
D:2 Natasha, Terence
D:3 exclusion: downstairs
D:4 exclusion: 3 doors
D:9 2 transporters
D:15 exclusions: 2 sensed monsters (detected) and tengu warrior
Swamp:1 2 transporters, ouz's ghost, adept CoGl


Innate Abilities, Weirdness & Mutations

You are an enormous serpent.
You have a powerful constriction melee attack.
Your maximum health is increased.
((You have sharp claws.))
((You have razor-sharp teeth.))
You have supernaturally acute eyesight. (SInv)
((Your thick and shaggy fur keeps you warm. (AC +3, rC+)))
((Your paws help you pounce on unaware monsters.))
You are incapable of wielding weapons or throwing items.
You cannot wear armour.
You gain extra lives every three experience levels.


Message History

There are monsters nearby!
Casting: Olgreb's Toxic Radiance (mildly dangerous; 2% risk of failure)
Confirm with . or Enter, or press ? or * to list all spells.
You begin to radiate toxic energy.
The wolf spider is poisoned.
The pharaoh ant gives a chilling moan.
The wolf spider looks even sicker.
Unknown command.
The wolf spider looks even sicker.
Your toxic aura wanes.
A culicivora comes into view.
You fly upwards.
There is a stone staircase leading down here.
You start resting.
Magic restored.
You start resting.
HP restored.
You fly downwards.
The wolf spider completely misses you.
The wolf spider bites you but does no damage.
The pharaoh ant bites you!! You partially resist.
You feel drained.
The wolf spider closely misses you. x2; The pharaoh ant bites you!!
There is a stone staircase leading up, spattered with blood here.
Unknown command.
The wolf spider hits you.
The wolf spider bites you but does no damage.
The pharaoh ant bites you!! The wolf spider barely misses you. x2
You fly upwards.
There is a stone staircase leading down here.
Unknown command.
Casting: Olgreb's Toxic Radiance (mildly dangerous; 2% risk of failure)
Confirm with . or Enter, or press ? or * to list all spells.
You feel quick. The pharaoh ant bites you!!
* * * LOW HITPOINT WARNING * * *
You partially resist.
You feel drained.
* * * LOW HITPOINT WARNING * * *
The wolf spider hits you!
* * * LOW HITPOINT WARNING * * *
The wolf spider bites you!
* * * LOW HITPOINT WARNING * * *
The pharaoh ant bites you!!
You die...

####### ######### #####
#.....###..^..Bs# #####.^.##
#.^....#...#..S.###^##....^#
#####^.....#####..#.#.......####
#.#.#........#^#..#^.......^.#.##
...^##.###.....#..#..###..####..#
.......)......^#..#..#^#...#....#
#..............^..#....##........
^.#...#...####...####^..###...#[#
.#..#^..###......#^....##.##..##.
.#...^.#####.....#..#..#...####..


You could see a wolf spider and a pharaoh ant.

Vanquished Creatures
  A shard shrike (IceCv)
  the Lernaean hydra (Swamp:4)
  Nikola (Swamp:3)
  Frances (Swamp:1)
  A storm dragon (D:14)
  Kirke (D:14)
  Aizul (Swamp:3)
  2 fenstrider witches
  2 emperor scorpions
  2 ghost moths
  A ghoul (Swamp:4)
  Nessos (D:14)
  9 eleionomae
  A bunyip (Swamp:3)
  3 spark wasps
  A white draconian (IceCv)
  A shambling mangrove (Swamp:4)
  Snorg (Lair:5)
  2 entropy weavers
  Erolcha (Orc:1)
  An ironbound frostheart (IceCv)
  A jorogumo (Spider:3)
  An ice dragon (D:15)
  4 ogre magi (Orc:2)
  14 hydras
  7 boulder beetles
  2 radroaches (Spider:1)
  2 centaur warriors (D:14)
  15 two-headed ogres
  12 alligators
  8 demonic crawlers
  An orc high priest (Orc:2)
  Sonja (Lair:5)
  Amaemon (Lair:3)
  4 pharaoh ants
  7 goliath frogs
  A skyshark (Lair:5)
  5 spriggan druids
  A swamp dragon (shapeshifter) (D:14)
  16 swamp dragons
  5 bog bodies
  An orange crystal statue (IceCv)
  Pikel (D:7)
  A sun moth (Spider:2)
  6 orb spiders
  A lindwurm (Lair:3)
  2 harpies (shapeshifter)
  4 deep elf pyromancers
  10 wolf spiders
  25 ugly things
  2 orc sorcerers (Orc:1)
  3 will-o-the-wisps
  7 cyclopes
  3 moths of wrath
  A meliai (shapeshifter) (D:11)
  A black mamba (Lair:1)
  21 cane toads
  2 torpor snails
  An orange demon (Lair:3)
  12 elephants
  4 gargoyles
  An unseen horror (D:12)
  19 rime drakes
  3 komodo dragons
  2 freezing wraiths (D:14)
  Psyche (D:8)
  7 hornets
  17 polar bears
  3 bloated husks
  11 trolls
  15 tyrant leeches
  19 blink frogs
  22 tarantellas
  A raiju (Swamp:1)
  A raiju (shapeshifter) (D:15)
  25 jumping spiders
  A centaur simulacrum (D:15)
  7 slime creatures
  3 shadows
  A wraith (D:14)
  12 culicivoras
  6 spriggans
  4 wyverns
  39 yaks
  5 basilisks
  4 wargs
  3 hogs (D:14)
  30 redbacks
  A steam dragon (D:9)
  21 vampire mosquitoes
  17 swamp worms
  14 water moccasins
  2 acid dragons
  A black bear (D:4)
  18 orc warriors
  8 swamp drakes (Swamp:4)
  2 ice beasts
  2 laughing skulls (D:13)
  18 ogres
  21 wolves
  7 centaurs
  A phantom (D:2)
  2 lemures (D:7)
  17 bullfrogs
  A gnoll sergeant (D:10)
  A brain worm (shapeshifter) (D:14)
  4 scorpions
  5 wights
  13 killer bees (D:7)
  An electric eel (Spider:1)
  5 howler monkeys
  3 bombardier beetles
  3 hounds
  4 jellies
  22 orc priests
  2 gnoll boudas
  3 iguanas
  Natasha (twice) (D:2)
  23 orc wizards
  13 hell rats
  12 gnolls
  9 adders
  A shadow imp (D:6)
  2 white imps
  6 ufetubi
  2 dart slugs
  52 orcs
  5 bats
  5 endoplasms
  2 giant cockroaches
  14 goblins
  4 hobgoblins
  7 kobolds
  A quokka (D:5)
  5 ball pythons
  5 frilled lizards
  A rat (D:2)
903 creatures vanquished.

Vanquished Creatures (collateral kills)
  A two-headed ogre (Orc:2)
  A redback (Spider:3)
  11 ogres
  2 orcs (Orc:1)
15 creatures vanquished.

Vanquished Creatures (others)
  A swamp dragon (Swamp:1)
  7 dancing weapons
  A hornet (D:10)
  A wyvern (D:10)
  2 yaks (D:10)
  A wight (D:10)
  A howler monkey (D:10)
  An orc wizard (D:10)
  20 foxfires
35 creatures vanquished.

Grand Total: 953 creatures vanquished

Notes
Turn   | Place    | Note
-------+----------+-------------------------------------------
     0 | D:1      | Ajdolov the Felid Shapeshifter began the quest for the Orb.
     0 | D:1      | Reached XP level 1. HP: 10/10 MP: 2/2
   132 | D:1      | Reached XP level 2. HP: 14/14 MP: 3/3
   416 | D:1      | Reached skill level 1 in Stealth
   776 | D:2      | Reached XP level 3. HP: 18/18 MP: 4/4
   813 | D:2      | Noticed Natasha
   823 | D:2      | Killed Natasha
   853 | D:2      | Noticed Natasha
   865 | D:2      | Killed Natasha
   866 | D:2      | Reached XP level 4. HP: 8/22 MP: 5/5
   866 | D:2      | Gained a life (2 lives remaining)
   967 | D:2      | Noticed a phantom
   976 | D:2      | Killed a phantom
   977 | D:2      | Reached XP level 5. HP: 17/25 MP: 6/6
  1134 | D:2      | Noticed Terence
  1272 | D:2      | Got the Octavo of the Horrible Pyre
  1386 | D:2      | Noticed Natasha
  1884 | D:3      | Reached skill level 5 in Stealth
  1884 | D:3      | Gained mutation: You are covered in thick fur. (AC +2)
                  | [Felid growth]
  1884 | D:3      | Reached XP level 6. HP: 30/30 MP: 7/7
  1931 | D:3      | Found a shadowy altar of Dithmenos.
  1939 | D:3      | Found a broken altar of Ashenzari.
  1950 | D:3      | Became a worshipper of Ashenzari the Shackled
  1955 | D:3      | Found a glowing golden altar of the Shining One.
  2117 | D:3      | Found a faded altar of an unknown god.
  2185 | D:4      | Reached skill level 5 in Shapeshifting
  2191 | D:4      | Identified the ring of Cysmest {rN+ Int+3}
  2327 | D:4      | Found a bloodstained altar of Trog.
  2454 | D:4      | Identified the +10 hand axe of Revolt {pain, Str+3}
  2526 | D:4      | Reached * piety under Ashenzari
  2526 | D:4      | Reached ** piety under Ashenzari
  3036 | D:4      | Reached XP level 7. HP: 17/33 MP: 8/8
  3378 | D:5      | Entered Level 5 of the Dungeon
  3609 | D:5      | HP: 1/33 [ufetubus (2)]
  3609 | D:5      | Slain by an ufetubus
  3609 | D:5      | Lost a life (1 life remaining)
  3751 | D:5      | Found a glowing silver altar of Zin.
  3752 | D:5      | Noticed an angel
  3759 | D:5      | Reached *** piety under Ashenzari
  3759 | D:5      | Reached **** piety under Ashenzari
  4144 | D:5      | Reached XP level 8. HP: 37/37 MP: 9/9
  4144 | D:5      | Gained a life (2 lives remaining)
  4395 | D:6      | Found an ancient bone altar of Kikubaaqudgha.
  4986 | D:7      | Found a staircase to the Ecumenical Temple.
  5513 | D:6      | Reached XP level 9. HP: 15/41 MP: 10/10
  5688 | D:7      | HP: 2/40 [wight/+3 long sword of freezing (1)]
  5691 | D:6      | Slain by a wight
  5691 | D:6      | Lost a life (1 life remaining)
  5711 | D:6      | Reached skill level 5 in Dodging
  5989 | D:7      | Found Teef's General Store.
  6014 | D:7      | Reached skill level 5 in Unarmed Combat
  6032 | D:7      | Bought a potion of berserk rage for 60 gold pieces
  6098 | D:7      | Noticed Pikel
  6324 | D:7      | Killed Pikel
  6407 | D:7      | Reached XP level 10. HP: 45/45 MP: 11/11
  6407 | D:7      | Gained a life (2 lives remaining)
  6843 | D:8      | Reached ***** piety under Ashenzari
  6843 | D:8      | Reached ****** piety under Ashenzari
  6872 | D:8      | Reached skill level 10 in Shapeshifting
  6893 | D:8      | Found a flagged portal.
  6919 | Bailey   | Entered a bailey
  7134 | D:8      | Noticed Psyche
  7149 | D:8      | Killed Psyche
  7921 | D:9      | Found a staircase to the Lair.
  7965 | D:9      | Found a transporter.
  7966 | D:9      | Found a white marble altar of Elyvilon.
  7968 | D:9      | Found a transporter.
  8408 | D:9      | Noticed a two-headed ogre
  8419 | D:9      | Killed a two-headed ogre
  8523 | D:10     | Entered Level 10 of the Dungeon
  8644 | D:10     | Noticed a harpy
  8659 | D:10     | Killed a harpy
  9319 | D:10     | Identified the +0 chain mail of the Maze {Fly Will- rCorr
                  | MP+9}
  9353 | D:10     | Found a shimmering altar of Xom.
  9353 | D:10     | Noticed a gargoyle
  9353 | D:10     | Noticed a two-headed ogre
  9353 | D:10     | Noticed a gargoyle
  9383 | D:10     | Found a portal to a secret trove of treasure.
  9402 | D:10     | Killed a gargoyle
  9403 | D:10     | Reached XP level 11. HP: 54/54 MP: 12/12
  9426 | D:10     | Killed a two-headed ogre
  9442 | D:10     | Reached skill level 5 in Fighting
  9505 | D:10     | Found Aculog's Antique Armour Boutique.
  9774 | D:10     | Paralysed by a hornet for 2 turns
  9775 | D:10     | HP: 2/56 [hornet (9)]
  9776 | D:10     | Succumbed to a hornet's poison
  9776 | D:10     | Lost a life (1 life remaining)
 10014 | D:11     | Reached skill level 1 in Evocations
 10311 | D:11     | Noticed a two-headed ogre
 10320 | D:11     | Killed a two-headed ogre
 10574 | D:11     | Reached skill level 5 in Evocations
 11326 | D:12     | Identified the +11 great sword of Royalism {holy, ^Fragile
                  | SInv Stlth+}
 11520 | D:12     | Noticed a deep elf pyromancer
 12204 | D:12     | Found a staircase to the Orcish Mines.
 12478 | Lair:1   | Entered Level 1 of the Lair of Beasts
 12481 | Lair:1   | Gained mutation: Your thick and shaggy fur keeps you warm.
                  | (AC +3, rC+) [Felid growth]
 12481 | Lair:1   | Reached XP level 12. HP: 63/63 MP: 13/13
 13533 | Lair:2   | Noticed a six-headed hydra
 13572 | Lair:2   | Killed a six-headed hydra
 14076 | Lair:2   | Found a hole to the Spider Nest.
 14460 | Lair:2   | Reached skill level 10 in Fighting
 15450 | Lair:3   | Reached skill level 10 in Unarmed Combat
 15533 | Lair:3   | Reached XP level 13. HP: 72/72 MP: 14/14
 15533 | Lair:3   | Gained a life (2 lives remaining)
 15540 | Lair:3   | Learned a level 3 spell: Swiftness
 15666 | Lair:3   | Reached skill level 1 in Air Magic
 16078 | Lair:3   | Identified the flux talisman of Follow the Leader {Fly
                  | Will+}
 16295 | Lair:3   | Noticed Amaemon
 16351 | Lair:3   | Killed Amaemon
 16511 | Lair:3   | Found a staircase to the Swamp.
 17539 | Lair:4   | Reached skill level 5 in Air Magic
 17589 | Lair:4   | Found a staircase to the Slime Pits.
 17589 | Lair:4   | Found a viscous altar of Jiyva.
 18041 | D:12     | Found a shadowy altar of Dithmenos.
 18865 | D:13     | Learned a level 3 spell: Tukima's Dance
 18903 | D:14     | Reached skill level 1 in Hexes
 19130 | D:14     | Noticed Kirke
 19154 | D:14     | Killed Kirke
 19244 | D:14     | Reached XP level 14. HP: 79/79 MP: 15/15
 19354 | D:14     | Reached skill level 5 in Hexes
 19784 | D:14     | Noticed Nessos
 19798 | D:14     | Killed Nessos
 20073 | D:15     | Entered Level 15 of the Dungeon
 21773 | Orc:1    | Entered Level 1 of the Orcish Mines
 21899 | Orc:1    | Noticed Erolcha
 21941 | Orc:1    | Killed Erolcha
 22286 | Orc:2    | Entered Level 2 of the Orcish Mines
 22482 | Orc:2    | Reached skill level 1 in Spellcasting
 22482 | Orc:2    | Reached skill level 1 in Alchemy
 24156 | Orc:2    | Found Witoij's General Store.
 24156 | Orc:2    | Found Dicie's Book Emporium.
 24156 | Orc:2    | Found Geifrorgh's Assorted Antiques.
 24156 | Orc:2    | Found Qeewuod's Jewellery Boutique.
 24163 | Orc:2    | Bought 2 glowing white potions for 63 gold pieces
 24163 | Orc:2    | Bought a potion of curing for 105 gold pieces
 24163 | Orc:2    | Bought a scroll of teleportation for 105 gold pieces
 24165 | Orc:2    | Bought a wand of acid (4) for 235 gold pieces
 24165 | Orc:2    | Bought a wand of mindburst (1) for 19 gold pieces
 24167 | Orc:2    | Bought a serpent talisman for 330 gold pieces
 24653 | Orc:2    | Found a staircase to the Elven Halls.
 25263 | D:14     | Found a gate to the Vaults.
 25264 | D:14     | Noticed a storm dragon
 25281 | D:14     | Killed from afar by a storm dragon
 25281 | D:14     | Lost a life (1 life remaining)
 25350 | D:14     | Killed a storm dragon
 25496 | D:15     | Reached XP level 15. HP: 36/85 MP: 8/22
 26117 | Lair:5   | Entered Level 5 of the Lair of Beasts
 26203 | Lair:5   | Noticed Snorg
 26214 | Lair:5   | Killed Snorg
 26215 | Lair:5   | Reached skill level 5 in Spellcasting
 26235 | Lair:5   | Reached skill level 5 in Alchemy
 26588 | Lair:5   | Noticed Sonja
 26616 | Lair:5   | Killed Sonja
 27260 | Lair:5   | Learned a level 5 spell: Yara's Violent Unravelling
 27266 | Lair:5   | Identified the Almanac of Variable Momentum
 27730 | Swamp:1  | Entered Level 1 of the Swamp
 27815 | Lair:3   | Reached skill level 10 in Hexes
 28106 | Swamp:1  | Noticed a profane servitor
 28342 | Swamp:1  | Found a transporter.
 28343 | Swamp:1  | Found a transporter.
 28438 | Swamp:1  | Noticed Frances
 28693 | Swamp:1  | Killed Frances
 29068 | Swamp:1  | Noticed a tentacled starspawn
 29072 | Swamp:1  | Found a one-way gate to the infinite horrors of the Abyss.
 29122 | Swamp:1  | Noticed ouz's ghost (adept CoGl)
 31292 | Swamp:3  | Identified the serpent talisman "Miask" {rF+}
 31292 | Swamp:3  | Noticed Aizul
 31326 | Swamp:3  | Reached XP level 16. HP: 85/90 MP: 19/24
 31326 | Swamp:3  | Gained a life (2 lives remaining)
 31406 | Swamp:3  | Killed Aizul
 31529 | Swamp:3  | Noticed Nikola
 31970 | Swamp:3  | Killed Nikola
 32267 | Swamp:3  | Learned a level 5 spell: Silence
 32565 | Orc:2    | Bought a Young Poisoner's Handbook for 260 gold pieces
 32565 | Orc:2    | Bought a book of Spontaneous Combustion for 494 gold pieces
 32570 | Orc:2    | Learned a level 4 spell: Olgreb's Toxic Radiance
 32576 | Orc:2    | Learned a level 5 spell: Irradiate
 32710 | Spider:1 | Entered Level 1 of the Spider Nest
 32776 | Spider:1 | Reached skill level 1 in Conjurations
 33801 | Spider:1 | Identified the +0 helmet "Ogoeg" {Rampage +Inv rF- Int+2}
 34436 | Spider:1 | Demolished by a radroach
 34436 | Spider:1 | Lost a life (1 life remaining)
 34673 | Spider:2 | Reached skill level 10 in Stealth
 36216 | Spider:2 | Identified the ring "Dobi" {rPois rN+}
 36610 | Spider:2 | Reached skill level 5 in Conjurations
 36988 | Spider:3 | Found a glacial archway.
 36998 | IceCv    | Entered an ice cave
 37768 | IceCv    | Noticed a shard shrike
 38000 | IceCv    | Reached XP level 17. HP: 49/95 MP: 20/25
 38184 | IceCv    | Killed a shard shrike
 40558 | Swamp:4  | Entered Level 4 of the Swamp
 44447 | Swamp:4  | Reached skill level 10 in Air Magic
 44482 | Swamp:4  | Noticed the 27-headed Lernaean hydra
 44487 | Swamp:4  | Slain by the 27-headed Lernaean hydra
 44487 | Swamp:4  | Lost a life (0 lives remaining)
 44530 | Swamp:4  | Killed the 27-headed Lernaean hydra
 44723 | Swamp:4  | Got a decaying rune of Zot
 44946 | Spider:4 | Entered Level 4 of the Spider Nest
 45224 | Spider:3 | HP: 3/110 [wolf spider (10)]
 45224 | Spider:3 | Demolished by a pharaoh ant

Illustrated notes

Levels and vault maps discovered:
D:1:      dpeg_arrival_court, layout_basic
D:2:      layout_rooms, minmay_gold_behind_fungi, uniq_terence, uniq_natasha
D:3:      layout_rooms, minmay_overflow_temple_star_quad,
          dreamdust_ecumenical_altar_hidden_monk_grotto
D:4:      minmay_goblin_kobold_castle, layout_rooms,
          mainiacjoe_overflow_boulevard, minmay_ogre_servants, uniq_grinder
D:5:      layout_loops_ring, zin_angel, serial_rivers,
          chequers_serial_rivers_micro_e, chequers_serial_rivers_room_b,
          chequers_serial_rivers_small_b, chequers_serial_rivers_room_b,
          chequers_serial_rivers_marsh, minmay_misc_feat_tiny, corexii_shack,
          grunt_decor_mini_mirrors
D:6:      layout_rooms, mainiacjoe_overflow_24_doors
D:7:      layout_loops_ring, minmay_temple_entry_gardened_gates, serial_shops,
          shop, minivault_26, dreamdust_gnoll_shepherd, uniq_pikel
D:8:      layout_loops_ring, enter_bailey_3, chequers_serial_rivers_micro_d,
          uniq_psyche
D:9:      layout_rooms, elyvilon_altar_4, erik_lair_orcish_takeover
D:10:     layout_stronghold, xom_confusion_cloud, enter_trove_2, serial_shops,
          nicolae_shop_real_fake_doors
D:11:     layout_gridville, onia_ninara_dug_in_and_dangerous
D:12:     layout_roguey, minmay_orc_entry_guard_dogs, special_room
          [special_room_orc], nicolae_dithmenos_the_darkroom
D:13:     layout_layer_cave
D:14:     layout_basic, hellmonk_vaults_attempted_burglary,
          minmay_misc_feat_pillars, uniq_nessos, uniq_kirke
D:15:     grunt_enter_depths_snipers, layout_cave_pools, minmay_misc_feat_tower
Lair:1:   layout_loops_ring
Lair:2:   layout_regular_city, spider_nest_entry_a
Lair:3:   layout_cellular_growth, minmay_swamp_entry_worms, grunt_megastairs_1,
          infiniplex_staircase_pool_2, serial_bayou_shore_a, uniq_amaemon
Lair:4:   layout_regular_city, slime_entry_1
Lair:5:   minmay_lair_end_frog_pond, layout_cave_pods, uniq_snorg, uniq_sonja
Swamp:1:  layout_falls_marsh, gammafunk_ghost_abyssal_escape,
          evilmike_swamp_ruin_house_3, swamp_pool_4, uniq_frances
Swamp:2:  layout_falls_marsh, hangedman_swamp_ruin_wall
Swamp:3:  layout_basic_swamp, nicolae_swamp_little_tower, uniq_aizul,
          uniq_nikola
Swamp:4:  swamp_old_school, layout_basic_swamp, swamp_pool_1_2
Spider:1: layout_spider_delve, drop_trap, nicolae_spider_bug_shape
Spider:2: layout_chambers, hellmonk_watch_for_rolling_rocks
Spider:3: layout_spider_delve, portal_ice_cave_entry_pillars_four
Spider:4: spider_rune_water, nicolae_spider_paper_wasps
Orc:1:    layout_caves, uniq_erolcha
Orc:2:    st_orc_ogre_mass, layout_caves

Skill      XL: |  1  2  3  4  5  6  7  8  9 10 11 12 13 14 15 16 17 |
---------------+----------------------------------------------------+-----
Shapeshifting  | 3 4 5 6 8 9 11 12 14 | 14.6
Stealth        | 1 2 3 5 6 7 8 12 13 | 13.8
Dodging        | 3 4 6 8 |  8.6
Unarmed Combat | 6 8 10 12 13 | 13.7
Fighting       | 4 7 10 11 12 13 14 | 14.2
Evocations     | 7 |  7.4
Air Magic      | 5 6 8 10 | 10.0
Hexes          | 4 8 10 | 10.0
Spellcasting   | 4 5 |  5.0
Alchemy        | 4 6 |  6.4
Conjurations   | 6 |  6.4

Action                     |  1- 3 |  4- 6 |  7- 9 | 10-12 | 13-15 | 16-18 || total
---------------------------+-------+-------+-------+-------+-------+-------++-------
  Melee: Unarmed           |    57 |   104 |   247 |   803 |  1107 |   636 ||  2954
         Bite              |     3 |     9 |    36 |   140 |   132 |    47 ||   367
         Punch             |     2 |     4 |     1 |       |       |    27 ||    34
         Constrict         |       |       |       |       |    88 |    44 ||   132
   Cast: Tukima's Dance    |       |       |       |       |    62 |     1 ||    63
         Swiftness         |       |       |       |       |     5 |     8 ||    13
         Olgreb's Toxic Ra |       |       |       |       |       |    74 ||    74
         Irradiate         |       |       |       |       |       |    19 ||    19
         Silence           |       |       |       |       |       |     1 ||     1
 Invoke: Curse Item        |       |     1 |     1 |     1 |       |       ||     3
Ability: Begin Untransform |       |       |     1 |     1 |     3 |     1 ||     6
  Evoke: Wand              |       |       |     2 |     5 |    36 |    27 ||    70
         Lightning rod     |       |       |       |       |     4 |       ||     4
         Box of beasts     |       |       |       |       |       |     2 ||     2
    Use: Potion            |     1 |       |     2 |     1 |     3 |     4 ||    11
         Scroll            |       |       |       |       |     3 |     2 ||     5
   Stab: Sleeping          |     4 |     9 |    11 |     8 |    15 |    12 ||    59
         Distracted        |       |       |       |     5 |     8 |     6 ||    19
         Paralysed         |       |       |       |     2 |    15 |    11 ||    28
 Armour: Skin              |    11 |    47 |    82 |   192 |   385 |   467 ||  1184
  Dodge: Dodged            |    51 |    99 |   300 |   823 |   864 |   662 ||  2799
   Form: Flux              |       |       |     1 |     1 |     2 |       ||     4
         Serpent           |       |       |       |       |     3 |     3 ||     6
         Blade             |       |       |       |       |       |     3 ||     3

Table legend: (Time is in decaauts)
 A = Elapsed time spent in this place.
 B = Non-inter-level travel time spent in this place.
 C = Inter-level travel time spent in this place.
 D = Time resting spent in this place.
 E = Time spent auto-exploring this place.
 F = Levels seen in this place.
 G = Mean time per level.
                   A        B        C        D        E       F      G
               +--------+--------+--------+--------+--------+-----+--------+
         Total |  44731 |  42205 |   2526 |  11703 |  19625 |  32 | 1397.8 |
       Dungeon |  17337 |  16026 |   1311 |   3163 |   8792 |  15 | 1155.8 |
          Lair |   7527 |   6952 |    575 |    832 |   4283 |   5 | 1505.4 |
         Swamp |   8575 |   8369 |    206 |   3340 |   2541 |   4 | 2143.8 |
   Spider Nest |   6715 |   6497 |    218 |   2401 |   2843 |   4 | 1678.8 |
  Orcish Mines |   3207 |   2993 |    214 |   1262 |   1022 |   2 | 1603.5 |
        Bailey |     54 |     54 |      0 |      0 |      0 |   1 |   54.0 |
      Ice Cave |   1312 |   1312 |      0 |    705 |    144 |   1 | 1312.0 |
               +--------+--------+--------+--------+--------+-----+--------+

Top non-repeatable levels by time:
Spider:2: 2889 daAuts
 Swamp:4: 2714 daAuts
 Swamp:3: 2581 daAuts
    D:14: 2158 daAuts
Spider:1: 1985 daAuts
  Lair:3: 1960 daAuts
  Lair:2: 1859 daAuts
Spider:3: 1747 daAuts
 Swamp:2: 1695 daAuts
    D:12: 1667 daAuts
   Orc:1: 1647 daAuts
    D:10: 1644 daAuts
 Swamp:1: 1583 daAuts
   Orc:2: 1560 daAuts
  Lair:5: 1546 daAuts
